 Dungeon Crawl Stone Soup version 0.23-a0-445-g768d57b (webtiles) character file.

100 sl00ts the Changer (level 4, 0/32 HPs)
             Began as a Merfolk Transmuter on Nov 18, 2018.
             Slain by an adder (2 damage)
             ... on level 2 of the Dungeon.
             The game lasted 00:04:25 (2973 turns).

sl00ts the Changer (Merfolk Transmuter)             Turns: 2973, Time: 00:04:25

Health: 0/32       AC:  2    Str: 11    XL:     4   Next: 73%
Magic:  6/7        EV: 13    Int: 12    God:
Gold:   69         SH:  0    Dex: 14    Spells: 6/7 levels left

rFire    . . .     SeeInvis .     - Unarmed
rCold    . . .     Gourm    .   (no shield)
rNeg     . . .     Faith    .   b - +0 robe
rPois    .         Spirit   .   (no helmet)
rElec    .         Reflect  .   (no cloak)
rCorr    .         Harm     .   (no gloves)
MR       .....                  (no boots)
Stlth    ++........             (no amulet)
HPRegen  0.10/turn              (no ring)
MPRegen  0.10/turn              (no ring)

@: appendage, hasted, very quick
A: change form in water, swift swim, stealthy swim, horns 2
a: End Transformation


You were on level 2 of the Dungeon.
You were hungry.
You had grown temporary horns.
You visited 1 branch of the dungeon, and saw 3 of its levels.

You collected 69 gold pieces.

Inventory:

Missiles
 a - 12 arrows
Armour
 b - a +0 robe (worn)
Jewellery
 c - an uncursed amulet of faith {unknown}
Scrolls
 g - a scroll of enchant weapon {unknown}
 i - a scroll of blinking {unknown}
 j - a scroll of amnesia {unknown}
 l - 2 scrolls of teleportation {unknown}
 m - a scroll of magic mapping {unknown}
Potions
 e - 2 potions of degeneration {unknown}
 f - a potion of haste
 h - a potion of cancellation {unknown}
 k - 2 potions of flight {unknown}
 n - a potion of brilliance {unknown}
Comestibles
 d - 5 rations


   Skills:
 - Level 1.1 Fighting
 - Level 2.6 Dodging
 * Level 2.9 Stealth
 - Level 3.2 Unarmed Combat
 - Level 2.0 Spellcasting
 * Level 5.3 Transmutations


You had 6 spell levels left.
You knew the following spells:

 Your Spells              Type           Power        Failure   Level  Hunger
a - Beastly Appendage     Tmut           ##....       3%          1    ##.....

Your spell library contained the following spells:

 Spells                   Type           Power        Failure   Level  Hunger
 Sticks to Snakes         Tmut           ##......     4%          2    ###....
 Spider Form              Tmut/Pois      #.........   28%         3    ####...
 Blade Hands              Tmut           ##........   65%         5    ######.
 Ice Form                 Ice/Tmut       #.......     67%         4    #####..


Dungeon Overview and Level Annotations

Branches:
Dungeon (3/15)

Altars:


Innate Abilities, Weirdness & Mutations

You revert to your normal form in water.
You are very nimble and swift while swimming.
You are very stealthy in the water. (Stealth+)
You have a pair of horns on your head.


Message History

The adder misses you. The orc hits you with a +0 dagger.
There is a stone staircase leading up here.
Casting: Beastly Appendage (safe; 3% risk of failure)
Confirm with . or Enter, or press ? or * to list all spells.
You grow a pair of large bovine horns.
The orc closely misses you.
You miss the adder. Your headbutt misses the adder.
The adder bites you but does no damage. The orc hits you with a +0 dagger.
You barely miss the adder. The adder bites you.
The orc hits you with a +0 dagger.
* * * LOW HITPOINT WARNING * * *
The adder barely misses you. The adder bites you.
* * * LOW HITPOINT WARNING * * *
The orc hits you with a +0 dagger.
* * * LOW HITPOINT WARNING * * *
You climb upwards.
You are feeling hungry.
There is a stone staircase leading down here.
It was a potion of haste.
You feel yourself speed up. The adder bites you.
You die...

...##########
............#
.#.########.## ##########
.#.# #..# #........# .#.#
##.## #.######.# .#.#
#..# #.#......# .#.#
###.#######.#.######
.#.########....S...##.#.#
...............S@..##.#.#
.##########......o.##.#.#
...................##.#.#
...................##.#.#
...........###+#.####.#.#
...........###.#.####.#.#
....................#.#.#
#..........###.#.##.#.#.#
..................#.#.#.#


You could see 2 adders and an orc.

Vanquished Creatures
  Terence (D:2)
  A gnoll (D:1)
  2 adders (D:2)
  2 worms (D:2)
  A dart slug (D:1)
  A leopard gecko (D:2)
  3 giant cockroaches
  5 goblins (D:1)
  5 hobgoblins
  A kobold (D:1)
  A quokka (D:2)
  6 bats
  6 frilled lizards
  3 rats
38 creatures vanquished.

Notes
Turn   | Place    | Note
-------+----------+-------------------------------------------
     0 | D:1      | sl00ts the Merfolk Transmuter began the quest for the Orb.
     0 | D:1      | Reached XP level 1. HP: 15/15 MP: 3/3
    10 | D:1      | Reached skill level 3 in Transmutations
    36 | D:1      | Reached XP level 2. HP: 16/21 MP: 3/5
   294 | D:1      | Reached skill level 4 in Transmutations
   766 | D:1      | Reached skill level 1 in Stealth
   766 | D:1      | Reached XP level 3. HP: 2/26 MP: 4/6
  1858 | D:2      | Reached XP level 4. HP: 27/32 MP: 7/7
  1872 | D:2      | Noticed Terence
  1888 | D:2      | Killed Terence
  1888 | D:2      | Reached skill level 5 in Transmutations
  2973 | D:2      | Slain by an adder

Vault maps used:
D:1:      ncdulo_lavacross
D:2:      first_ration, uniq_terence

Skill      XL: |  1  2  3  4 |
---------------+-------------+-----
Transmutations | 3 4 5 |  5.3
Stealth        | 1 2 |  2.9
Fighting       | |  1.1
Dodging        | |  2.6
Unarmed Combat | |  3.2
Spellcasting   | |  2.0

Action                   |  1- 3 |  4- 6 || total
-------------------------+-------+-------++-------
Melee: Unarmed           |   118 |    43 ||   161
       Headbutt          |    13 |     5 ||    18
       Punch             |     1 |       ||     1
 Cast: Beastly Appendage |    11 |     5 ||    16
  Use: Potion            |       |     1 ||     1
 Stab: Sleeping          |     2 |     2 ||     4
  Eat: Ration            |     1 |       ||     1
       Chunk             |       |     3 ||     3
Armor: Robe              |    19 |     4 ||    23
Dodge: Dodged            |    90 |    33 ||   123

Table legend:
 A = Non-vault XP
 B = Vault XP
 C = Vault XP percentage of total XP
 D = Non-vault monster count
 E = Vault monster count
 F = Vault count percentage of total count
                 A         B        C        D         E       F
            +---------+---------+-------+---------+---------+-------
      Total |     107 |      36 |  25.2 |      37 |       1 |   2.6
            +---------+---------+-------+---------+---------+-------
        D:1 |      51 |       0 |   0.0 |      23 |       0 |   0.0
        D:2 |      53 |      36 |  40.4 |      12 |       1 |   7.7
        D:3 |       3 |       0 |   0.0 |       2 |       0 |   0.0
            +---------+---------+-------+---------+---------+-------
